Map: Pillars of Gold LE

Players

Throwfordays - Winner!

  • Race: Terran Terran
  • League: Silver
  • Spawn Location: 1:00

Theouplus

  • Race: Terran Terran
  • League: Bronze
  • Spawn Location: 7:00

VOD

Have the link to the VOD?

Description

Time

  • Played on: June 26, 2020, 8:36 p.m.
  • Length: 22:08
Show
View Real Time Build Order
Export as new Build Order

Throwfordays Terran - Winner!

Build Orders:  

Get SALT Encoding   

  12  0:01  SCV  
  13  0:13  SCV  
  14  0:18  Supply Depot  
  14  0:25  SCV  
  15  0:42  Barracks  
  15  0:49  SCV, Supply Depot  
  16  1:01  SCV  
  17  1:06  Refinery  
  17  1:13  SCV  
  19  1:25  SCV  
  19  1:33  Marine  
  19  1:38  SCV  
  21  1:48  Command Center  
  21  1:50  SCV  
  22  2:02  SCV  
  23  2:24  Refinery  
  23  2:25  Supply Depot, Orbital Command  
  24  2:32  Barracks Reactor  
  23  2:51  Supply Depot  
  23  2:53  SCV  
  24  3:00  SCV  
  24  3:05  SCV  
  26  3:12  SCV  
  27  3:15  Reaper  
  27  3:21  Supply Depot  
  27  3:24  SCV  
  27  3:25  Reaper  
  29  3:36  SCV  
  29  3:38  Supply Depot  
  29  3:39  SCV  
  31  3:48  Reaper, SCV  
  32  3:49  Supply Depot  
  32  3:51  SCV  
  32  3:53  Engineering Bay  
  34  3:57  Reaper  
  34  4:00  SCV  
  36  4:03  SCV  
  36  4:09  Factory  
  37  4:34  Reaper  
  37  4:35  Reaper  
  39  4:40  Terran Infantry Weapons Level 1  
  39  5:07  Reaper x2  
  37  5:37  Starport  
  37  5:47  Factory Tech Lab  
  37  5:54  Planetary Fortress  
  37  5:59  SCV  
  38  6:06  Refinery  
  38  6:08  Refinery  
  38  6:11  SCV  
  39  6:15  Starport Tech Lab  
  39  6:23  SCV  
  39  6:25  Armory, Siege Tank  
  43  6:35  SCV x2  
  45  6:40  Banshee  
  48  6:47  SCV x2  
  48  6:48  Marine x2  
  48  6:53  Supply Depot  
  52  6:57  Siege Tank  
  52  6:59  SCV  
  56  7:02  SCV  
  56  7:06  Marine x2  
  59  7:13  Sensor Tower  
  59  7:14  SCV  
  60  7:16  Supply Depot  
  60  7:18  Missile Turret  
  60  7:22  Terran Vehicle Weapons Level 1  
  60  7:24  Marine x2  
  60  7:28  Terran Infantry Weapons Level 2  
  62  7:41  Marine  
  62  7:42  Marine  
  64  7:45  Sensor Tower  
  64  7:46  Command Center  
  64  8:00  Marine x2  
  66  8:06  Missile Turret  
  66  8:17  Marine  
  66  8:18  Marine  
  68  8:25  Refinery, SCV  
  69  8:27  Missile Turret  
  69  8:29  Medivac  
  71  8:34  Hyperflight Rotors  
  71  8:35  Marine x2  
  71  8:37  SCV  
  71  8:41  Refinery  
  74  8:45  Thor  
  80  8:49  SCV  
  80  8:53  Marine x2  
  83  8:59  Medivac  
  83  9:01  SCV  
  86  9:15  Planetary Fortress  
  86  9:19  SCV  
  86  9:22  SCV  
  88  9:31  SCV  
  89  9:32  Terran Vehicle Weapons Level 2  
  89  9:34  SCV, Command Center  
  89  9:36  Thor  
  96  9:43  Fusion Core, SCV  
  97  9:46  SCV  
  97  9:47  Starport  
  98  9:55  SCV  
  98  9:58  SCV x2  
  101  10:07  SCV  
  101  10:10  SCV x2  
  104  10:22  SCV  
  105  10:30  Starport Tech Lab  
  105  10:32  Weapon Refit  
  105  10:34  SCV  
  106  10:46  SCV  
  106  10:49  Battlecruiser x2  
  119  10:55  Terran Infantry Armor Level 1  
  119  10:57  Armory  
  119  11:01  Orbital Command  
  119  11:04  Engineering Bay  
  119  11:13  Cyclone  
  122  11:19  Mag-Field Accelerator  
  122  11:20  Command Center  
  122  11:23  Marine x2  
  124  11:30  Supply Depot  
  124  11:32  Terran Infantry Weapons Level 3  
  124  11:33  Supply Depot  
  124  11:41  Marine x2  
  124  11:46  Supply Depot, Cyclone  
  129  11:49  Terran Ship Weapons Level 1  
  129  11:53  Terran Vehicle And Ship Armor Level 1  
  129  11:59  Marine x2  
  129  12:00  Medivac x2  
  135  12:11  Barracks  
  135  12:17  Marine x2  
  137  12:23  Cyclone  
  140  12:44  Orbital Command  
  140  12:47  Refinery  
  140  12:56  Cyclone  
  140  12:57  SCV  
  144  12:59  SCV  
  144  13:05  Refinery  
  145  13:09  SCV  
  145  13:11  SCV  
  147  13:13  Terran Infantry Armor Level 2  
  147  13:17  Barracks Tech Lab  
  147  13:28  Cyclone  
  147  13:33  Battlecruiser  
  147  13:34  Battlecruiser  
  162  13:43  SCV, Terran Vehicle Weapons Level 3  
  163  13:54  Terran Vehicle And Ship Armor Level 2  
  163  13:55  SCV  
  161  14:07  SCV  
  161  14:15  Starport  
  161  14:20  SCV, Cyclone  
  165  14:32  SCV  
  165  14:34  Stimpack  
  165  14:37  Viking  
  165  14:38  Viking  
  170  14:53  Starport Reactor  
  170  14:58  Supply Depot  
  170  15:00  Supply Depot  
  170  15:20  Viking x2, Cyclone  
  177  15:21  Supply Depot  
  177  15:24  Supply Depot  
  177  15:40  Viking x2  
  181  15:52  Cyclone  
  181  15:53  Terran Infantry Armor Level 3  
  184  15:58  SCV  
  185  16:10  SCV  
  186  16:14  Combat Shield  
  186  16:17  Command Center  
  186  16:20  Terran Ship Weapons Level 2  
  186  16:22  SCV  
  175  18:06  Cyclone  
  175  18:09  Battlecruiser x2  
  190  18:15  Marine x3  
  193  18:33  Marine x3  
  196  18:38  Cyclone  
  199  18:51  Marine  
  200  19:05  Terran Vehicle And Ship Armor Level 3  
  200  19:06  Terran Ship Weapons Level 3  
  200  19:15  Refinery  
  200  19:27  Refinery  
  142  20:45  Battlecruiser x2  
  142  20:48  Thor  
  160  21:03  Starport x2  
  160  21:05  Starport  
  160  21:49  Starport Tech Lab x2  
  160  21:50  Starport Tech Lab  
Show
View Real Time Build Order
Export as new Build Order

Theouplus Terran 

Build Orders:  

Get SALT Encoding   

  12  0:05  SCV  
  13  0:17  SCV  
  13  0:19  Supply Depot  
  14  0:29  SCV  
  15  0:45  Barracks  
  15  0:47  SCV  
  16  0:54  Refinery  
  16  0:59  SCV  
  17  1:06  Refinery  
  18  1:11  SCV  
  18  1:23  SCV  
  19  1:34  Supply Depot  
  19  1:35  SCV  
  20  1:40  Marine  
  21  1:47  SCV  
  22  1:58  Marine  
  22  1:59  SCV  
  24  2:03  Barracks  
  24  2:11  SCV  
  24  2:13  Engineering Bay  
  25  2:16  Marine  
  26  2:24  SCV  
  27  2:36  SCV  
  28  2:41  Supply Depot  
  28  2:42  Barracks Tech Lab  
  28  3:03  Command Center  
  28  3:04  Supply Depot  
  28  3:07  Barracks Tech Lab  
  28  3:09  Missile Turret  
  28  3:15  SCV  
  27  3:27  SCV  
  28  3:34  Factory  
  28  3:39  SCV  
  29  3:48  Missile Turret  
  29  3:58  Missile Turret  
  29  4:02  Orbital Command  
  29  4:08  Missile Turret  
  29  4:19  Factory  
  29  4:22  Planetary Fortress, Missile Turret  
  29  4:28  Refinery  
  28  4:34  Refinery  
  21  4:54  Hellion  
  20  5:08  Hellion  
  21  5:18  SCV  
  21  5:30  SCV  
  21  5:39  Factory Tech Lab  
  21  5:41  Factory Tech Lab  
  21  5:43  SCV  
  22  5:50  SCV  
  22  5:55  SCV  
  24  6:02  SCV  
  25  6:07  SCV  
  26  6:15  SCV  
  27  6:19  SCV  
  27  6:23  Siege Tank  
  31  6:26  Siege Tank  
  31  6:27  SCV  
  31  6:31  SCV  
  36  6:35  Armory  
  36  6:43  SCV  
  37  6:55  SCV, Siege Tank  
  41  7:07  SCV  
  42  7:11  Command Center  
  42  7:19  SCV  
  43  7:23  Starport  
  43  7:31  SCV  
  44  7:38  Thor  
  44  7:39  Thor  
  44  7:43  SCV, Terran Vehicle Weapons Level 1  
  57  7:50  Supply Depot  
  57  7:56  SCV  
  58  8:08  SCV  
  59  8:14  Supply Depot  
  59  8:19  Starport  
  59  8:20  SCV  
  59  8:22  Starport Tech Lab  
  60  8:32  SCV  
  60  8:33  Thor  
  67  8:40  Refinery, SCV  
  68  8:44  SCV  
  69  8:52  SCV, Combat Shield  
  70  8:57  Starport  
  70  8:59  Starport Tech Lab  
  70  9:02  Supply Depot  
  70  9:04  SCV  
  71  9:12  Refinery  
  71  9:16  SCV  
  72  9:22  SCV  
  73  9:28  SCV  
  74  9:31  Missile Turret  
  74  9:34  SCV  
  74  9:35  Thor  
  81  9:40  SCV  
  82  9:46  SCV  
  83  9:53  SCV  
  83  9:55  Starport Tech Lab  
  83  9:58  SCV  
  85  10:04  Terran Vehicle And Ship Armor Level 1  
  85  10:05  SCV, Starport  
  86  10:11  Armory  
  86  10:15  Fusion Core  
  86  10:17  SCV  
  87  10:29  SCV  
  87  10:35  Terran Infantry Armor Level 1  
  88  10:41  SCV  
  89  10:53  SCV, Starport Tech Lab  
  90  10:58  Missile Turret  
  90  11:00  SCV  
  90  11:03  Missile Turret  
  91  11:05  SCV  
  92  11:13  SCV  
  92  11:14  Missile Turret  
  92  11:17  SCV  
  92  11:18  Barracks  
  94  11:19  Weapon Refit  
  94  11:23  Battlecruiser  
  94  11:24  Battlecruiser  
  94  11:25  SCV  
  107  11:29  SCV  
  108  11:35  Missile Turret  
  108  11:36  Battlecruiser  
  114  11:41  Supply Depot, SCV  
  114  11:43  Supply Depot  
  115  11:52  Smart Servos  
  115  11:54  SCV  
  116  11:59  Terran Vehicle Weapons Level 2  
  116  12:01  Terran Vehicle And Ship Armor Level 2  
  116  12:02  Battlecruiser  
  116  12:08  Supply Depot  
  122  12:22  Missile Turret  
  122  12:25  Thor  
  122  12:26  Thor  
  122  12:29  Planetary Fortress, Terran Infantry Weapons Level 1  
  134  12:32  Supply Depot  
  134  12:35  Barracks  
  134  12:44  Sensor Tower  
  134  13:03  Supply Depot  
  134  13:04  Rapid Reignition System  
  134  13:14  Battlecruiser  
  134  13:15  Battlecruiser  
  134  13:17  Raven  
  148  13:24  Barracks  
  148  13:55  Command Center  
  148  14:09  Battlecruiser  
  154  14:10  Battlecruiser  
  154  14:12  Thor  
  166  14:35  Thor  
  172  14:42  Cloaking Field  
  172  14:49  Supply Depot  
  172  14:55  Missile Turret  
  172  15:08  Planetary Fortress  
  172  15:09  Refinery  
  172  15:15  Supply Depot  
  172  15:17  Supply Depot  
  172  15:29  Battlecruiser  
  172  15:30  Battlecruiser  
  184  16:00  Command Center  
  184  16:01  Hyperflight Rotors  
  184  16:07  Refinery  
  184  16:12  Terran Vehicle Weapons Level 3  
  184  16:14  Refinery, Terran Vehicle And Ship Armor Level 3  
  184  16:24  Refinery  
  184  16:26  Supply Depot  
  184  16:31  Corvid Reactor  
  184  16:49  Missile Turret  
  184  16:56  Thor x7  
  184  16:59  Thor x2  
  167  17:55  Siege Tank  
  167  17:56  Siege Tank  
  172  18:01  Battlecruiser  
  158  18:28  Siege Tank x2  
  164  18:58  Command Center  
  164  19:00  Siege Tank x2  
  176  19:10  Battlecruiser x2  
  176  19:15  Thor x7  
  182  19:28  Command Center  
  182  19:32  Siege Tank x2  
  157  20:04  Siege Tank  
  81  20:46  SCV  
  82  20:51  Refinery  
  82  20:58  SCV  
  83  21:10  SCV  
  84  21:22  SCV  
  85  21:29  Refinery  
  85  21:34  SCV  
  86  21:46  SCV  
Tags
 
Matchup
TvT
Race
Terran
Replay Pack
Multiplayer
Spawn Locations
Cross Positions
Add a new tag
Caveats
  • Supply blocks, unpowered buildings, or Contaminate may cause inaccurate times.
  • Supply counts are checked every 10 seconds.